 Dungeon Crawl Stone Soup version 0.21-a0-591-g2314aa1 (webtiles) character file.

3759 Lanoc the Nimble (level 9, -2/45 HPs)
             Began as a Spriggan Conjurer on Dec 22, 2017.
             Was a Follower of Fedhas.
             Slain by an orc warrior
             ... wielding a cursed -1 war axe
              (19 damage)
             ... on level 8 of the Dungeon.
             The game lasted 00:40:00 (9767 turns).

Lanoc the Nimble (Spriggan Conjurer)                Turns: 9767, Time: 00:40:00

Health: -2/45      AC:  6    Str:  7    XL:     9   Next: 94%
Magic:  2/22       EV: 29    Int: 19    God:    Fedhas [*.....]
Gold:   474        SH:  0    Dex: 21    Spells: 23/25 levels left

rFire    . . .     SeeInvis +   F - +6 rapier (drain)
rCold    . . .     Gourm    .   (shield restricted)
rNeg     . . .     Faith    +   a - +1 robe
rPois    .         Spirit   .   (helmet restricted)
rElec    .         Reflect  .   G - +2 cloak {MR+}
rCorr    .         Harm     .   (gloves unavailable)
MR       ++...                  (boots unavailable)
Stlth    +++.......             D - amulet of faith
HPRegen  0.15/turn              H - +4 ring of dexterity
MPRegen  0.18/turn              p - +3 ring of strength

@: very quick
A: very small, unfitting armour, see invisible, herbivore, speed 3, slow
metabolism 2
a: Fungal Bloom, Evolution, Renounce Religion


You were on level 8 of the Dungeon.
You worshipped Fedhas.
Fedhas was aware of your devotion.
You were hungry.

You visited 2 branches of the dungeon, and saw 9 of its levels.

You collected 474 gold pieces.

Inventory:

Hand Weapons
 y - a +0 hunting sling
 F - a +6 rapier of draining (weapon)
Missiles
 n - 22 arrows
 o - 127 sling bullets
 t - 4 silver tomahawks (quivered)
Armour
 a - a +1 robe (worn)
 G - a +2 cloak of magic resistance (worn)
Jewellery
 p - a +3 ring of strength (right hand)
 u - an uncursed ring of flight
 D - an amulet of faith (around neck)
 H - a +4 ring of dexterity (left hand)
Wands
 l - a wand of scattershot (5)
 w - a wand of polymorph (15)
 A - a wand of iceblast (16)
 E - a wand of flame (40)
Scrolls
 f - 2 scrolls of enchant weapon
 i - 3 scrolls of enchant armour
 k - 5 scrolls of fear
 s - 4 scrolls of remove curse
 C - a scroll of teleportation
Potions
 d - 2 potions of agility
 e - 2 potions of degeneration
 g - 4 potions of curing
 h - 2 potions of flight
 j - a potion of magic
 q - a potion of resistance
 r - a potion of brilliance
 v - a potion of invisibility
 x - 3 potions of mutation
 z - a potion of haste
 B - a potion of cancellation
Books
 b - a book of Conjurations

   Spells                             Type                      Level
   a - Magic Dart                     Conjuration                  1
   b - Searing Ray                    Conjuration                  2
   c - Dazzling Spray                 Conjuration/Hexes            3
   d - Fulminant Prism                Conjuration/Hexes            4
   e - Force Lance                    Conjuration/Translocation    4
   f - Iskenderun's Mystic Blast      Conjuration                  4
Comestibles
 c - 6 rations


   Skills:
 + Level 3.9 Fighting
 + Level 5.3 Short Blades
 + Level 7.4 Slings
 + Level 11.1 Dodging
 - Level 3.0 Stealth
 - Level 8.6 Spellcasting
 - Level 2.9 Conjurations
 + Level 2.6 Invocations


You had 23 spell levels left.
You knew the following spells:

 Your Spells              Type           Power        Failure   Level  Hunger
b - Searing Ray           Conj           ###...       3%          2    None


Dungeon Overview and Level Annotations

Branches:
Dungeon (8/15)             Temple (1/1) D:6
   Lair: D:8-11

Altars:
Ashenzari
Cheibriados
Dithmenos
Elyvilon
Fedhas
Gozag
Hepliaklqana
Kikubaaqudgha
Makhleb
Nemelex Xobeh
Okawaru
Qazlal
Ru
Sif Muna
Trog
Uskayaw
Vehumet
Wu Jian
Xom
Yredelemnul
Zin
The Shining One

Shops:
D:4 (   D:6 =[


Innate Abilities, Weirdness & Mutations

You are very small and have problems with some larger weapons.
You are too small for most types of armour.
You have supernaturally acute eyesight. (SInv)
You are a herbivore.
You cover ground extremely quickly.
You need consume almost no food.


Message History

The puff of frost hits you!
Casting: Searing Ray
Confirm with . or Enter, or press ? or * to list all spells.
Aiming: Searing Ray
Press: ? - help, Shift-Dir - straight line, f - orc warrior
Aim: an orc warrior, wielding an enchanted war axe and wearing a plate armour (lightly wounded)
The searing ray hits the orc warrior.
The orc warrior is lightly wounded. (Press . to maintain the ray.)
The orc wizard gestures at you while chanting.
The puff of flame misses you.
The searing ray hits the orc warrior.
The orc warrior is lightly wounded.
An orc comes into view. It is wielding a club.
The searing ray hits the orc warrior.
The orc warrior is heavily wounded.
You finish channeling your searing ray.
The orc warrior hits you with an enchanted war axe!!
You die...
Fedhas appreciates your contribution to the ecosystem.

#........# #....=..# #.......#
#.......#########
#................
#...........##### #...........#
#
###############.......#.######.
........o...oo@.....[).........
.......))(.(#.........#.####...
......#####.#......#..#....####
###..# ###.#.........#..#<....
#... #..)#......#.....#.###.
...( #...######.#.....#.#...
... #...# #.#.....#.#### ...
#...# ##.#..... #......#
....##.#


You could see an orc warrior, an orc wizard and an orc (wandering).

Vanquished Creatures
  Grinder (D:4)
  A hippogriff (D:7)
  A wyvern (D:5)
  Duvessa (D:4)
  A water moccasin (D:8)
  3 orc warriors
  3 ice beasts
  A black bear (D:7)
  2 sky beasts (D:5)
  2 phantoms
  4 ogres
  A hornet zombie (D:6)
  4 bullfrogs
  A scorpion (D:5)
  Dowan (D:4)
  A howler monkey (D:5)
  2 crimson imps
  A jelly (D:4)
  A quasit (D:7)
  4 hounds
  2 bullfrog skeletons (D:5)
  6 orc priests
  2 iguanas
  Ijyb (D:4)
  8 orc wizards
  Natasha (thrice) (D:2)
  3 worker ants
  A hound skeleton (D:5)
  6 adders
  8 river rats (D:5)
  A shadow imp (D:7)
  2 oozes (D:5)
  3 adder skeletons
  3 worms
  5 leopard geckos
  25 orcs
  8 bats
  4 giant cockroaches
  8 goblins
  4 hobgoblins
  8 jackals
  11 quokkas
  2 ball pythons
  6 frilled lizards
  5 kobolds
  22 rats
193 creatures vanquished.

Vanquished Creatures (others)
  7 toadstools
7 creatures vanquished.

Grand Total: 200 creatures vanquished

Notes
Turn   | Place    | Note
-------+----------+-------------------------------------------
     0 | D:1      | Lanoc the Spriggan Conjurer began the quest for the Orb.
     0 | D:1      | Reached XP level 1. HP: 9/9 MP: 5/5
   403 | D:1      | Reached XP level 2. HP: 13/13 MP: 1/7
   637 | D:1      | Learned a level 2 spell: Searing Ray
   646 | D:1      | Reached skill level 4 in Dodging
  1386 | D:2      | Reached XP level 3. HP: 16/16 MP: 6/9
  1462 | D:2      | Reached skill level 5 in Dodging
  1462 | D:2      | Reached XP level 4. HP: 21/21 MP: 7/11
  1546 | D:2      | Noticed Natasha
  1637 | D:2      | Killed Natasha
  1761 | D:2      | Noticed Natasha
  1767 | D:2      | Killed Natasha
  1832 | D:2      | Noticed Natasha
  1840 | D:2      | Killed Natasha
  1840 | D:2      | Reached skill level 5 in Spellcasting
  1840 | D:2      | Reached XP level 5. HP: 13/24 MP: 2/13
  2065 | D:3      | Reached skill level 6 in Dodging
  2805 | D:3      | Found a glowing golden altar of the Shining One.
  3549 | D:4      | Reached XP level 6. HP: 28/28 MP: 7/15
  3686 | D:4      | Reached skill level 1 in Slings
  3686 | D:4      | Reached skill level 7 in Dodging
  3938 | D:4      | Found a shimmering altar of Xom.
  3960 | D:4      | Found Reer Ene's Weapon Shoppe.
  4088 | D:4      | Reached XP level 7. HP: 20/32 MP: 6/17
  4224 | D:4      | Noticed Ijyb
  4241 | D:4      | Killed Ijyb
  4416 | D:4      | Noticed Grinder
  4453 | D:4      | Killed Grinder
  4453 | D:4      | Reached skill level 8 in Dodging
  4615 | D:4      | Noticed Dowan
  4617 | D:4      | Noticed Duvessa
  5455 | D:4      | Killed Dowan
  5600 | D:4      | Killed Duvessa
  5753 | D:5      | Entered Level 5 of the Dungeon
  5809 | D:5      | Reached XP level 8. HP: 37/37 MP: 11/20
  5935 | D:5      | Reached skill level 1 in Fighting
  5935 | D:5      | Reached skill level 1 in Short Blades
  5935 | D:5      | Reached skill level 9 in Dodging
  6182 | D:5      | Reached skill level 5 in Slings
  6338 | D:5      | Found a bloodstained altar of Trog.
  6830 | D:5      | Reached skill level 10 in Dodging
  6830 | D:5      | Reached XP level 9. HP: 22/43 MP: 10/22
  7597 | D:6      | Found Hihog's Antique Armour Emporium.
  7627 | D:6      | Found a staircase to the Ecumenical Temple.
  7631 | Temple   | Entered the Ecumenical Temple
  7712 | Temple   | Became a worshipper of Fedhas Madash
  8291 | D:6      | Found Waimneps's Jewellery Shop.
  8407 | D:6      | Reached * piety under Fedhas
  8690 | D:7      | Reached skill level 1 in Invocations
  9458 | D:8      | Reached skill level 5 in Short Blades
  9469 | D:8      | Reached skill level 11 in Dodging
  9767 | D:8      | Slain by an orc warrior

Vault maps used:
D:1:      dpeg_arrival_brainrot, minmay_misc_feat_tower, minivault_25
D:2:      uniq_natasha
D:3:      tso_metal_star
D:4:      serial_shops, shop_statue, xom_teletrap_fun, uniq_ijyb, uniq_duvessa,
          uniq_grinder
D:5:      lemuel_ratsnest, first_ration, minmay_ruined_shrine
D:6:      minmay_temple_entry_junction, serial_shops, shop_statue,
          nicolae_shop_behind_doors
D:7:      hangedman_abyss_or_decor_lesser_grid
D:8:      minmay_flawed_box
Temple:   grunt_wide_crystal_templ

Skill      XL: |  1  2  3  4  5  6  7  8  9 |
---------------+----------------------------+-----
Spellcasting   | 3 4 5 6 7 8 |  8.6
Dodging        | 4 5 6 7 8 10 11 | 11.1
Slings         | 2 4 6 7 |  7.4
Fighting       | 2 3 |  3.9
Short Blades   | 3 5 |  5.3
Invocations    | 2 |  2.6
Stealth        | |  3.0
Conjurations   | |  2.9

Action                   |  1- 3 |  4- 6 |  7- 9 || total
-------------------------+-------+-------+-------++-------
Melee: Unarmed           |    15 |    16 |       ||    31
       Rapier            |       |       |   194 ||   194
 Cast: Magic Dart        |    47 |    35 |     1 ||    83
       Searing Ray       |     9 |    35 |    82 ||   126
Invok: Fungal Bloom      |       |       |     5 ||     5
  Use: Scroll            |       |       |    19 ||    19
 Stab: Sleeping          |       |       |     3 ||     3
  Eat: Ration            |       |     1 |     2 ||     3
Armor: Robe              |     2 |     7 |    31 ||    40
Dodge: Dodged            |    18 |    56 |   394 ||   468

Table legend:
 A = Spawn XP
 B = Non-spawn XP
 C = Spawn XP percentage of total XP
 D = Spawn monster count
 E = Non-spawn monster count
 F = Spawn count percentage of total count
 G = Total turns spent on level
                    A         B        C        D         E        F      G
               +---------+---------+-------+---------+---------+-------+---------
         Total |       0 |    5371 |   0.0 |       0 |     193 |   0.0 |  9767
               +---------+---------+-------+---------+---------+-------+---------
           D:1 |       0 |      38 |   0.0 |       0 |      23 |   0.0 |  1314
           D:2 |       0 |     190 |   0.0 |       0 |      18 |   0.0 |   964
           D:3 |       0 |     142 |   0.0 |       0 |      18 |   0.0 |  1782
           D:4 |       0 |     964 |   0.0 |       0 |      27 |   0.0 |  1693
           D:5 |       0 |    1626 |   0.0 |       0 |      59 |   0.0 |  1833
           D:6 |       0 |     631 |   0.0 |       0 |      20 |   0.0 |   762
           D:7 |       0 |    1055 |   0.0 |       0 |      15 |   0.0 |  1009
           D:8 |       0 |     692 |   0.0 |       0 |      12 |   0.0 |   319
        Temple |       0 |      33 |   0.0 |       0 |       1 |   0.0 |    91
               +---------+---------+-------+---------+---------+-------+---------
